 Dungeon Crawl Stone Soup version 0.26-a0-451-gacbe401039 (webtiles) character file.

Game seed: 16847804025623593096

32760 DeltaSign the Severer (level 13, -1/177 (178) HPs)
             Began as a Minotaur Berserker on July 28, 2020.
             Was a High Priest of Trog.
             Slain by a soldier ant (2 damage)
             ... on level 4 of the Lair of Beasts.
             The game lasted 00:41:44 (16969 turns).

DeltaSign the Severer (Minotaur Berserker)         Turns: 16969, Time: 00:41:44

HP:   -1/177 (178)  AC: -11   Str: 22    XL:     13   Next: 33%
MP:   12/12         EV: 13    Int: 11    God:    Trog [*****.]
Gold: 1686          SH:  0    Dex: 15    Spells: 12/12 levels left

rFire    + . .     SeeInvis .   N - +2 battleaxe (flame)
rCold    + . .     Faith    .   (shield currently unavailable)
rNeg     . . .     Spirit   .   y - +0 plate armour
rPois    +         Reflect  .   E - +1 hat
rElec    +         Harm     .   t - scarf {rC+ rF+}
rCorr    .                      (no gloves)
MR       +....                  (no boots)
Stlth    ..........             a - amulet of regeneration
HPRegen  0.79/turn              k - ring of poison resistance
MPRegen  0.13/turn              S - ring of Lust {rElec MR+ Int+7 Stlth-}

@: berserking, lethally poisoned (-1 -> -1), corroded, very quick
A: retaliatory headbutt, horns 2
a: Berserk, Trog's Hand, Brothers in Arms, Renounce Religion


You were on level 4 of the Lair of Beasts.
You worshipped Trog.
Trog was extremely pleased with you.
You visited 2 branches of the dungeon, and saw 16 of its levels.
You also visited: Ossuary.

You collected 1686 gold pieces.

Inventory:

Hand Weapons
 N - a +2 battleaxe of flaming (weapon)
Armour
 t - a scarf of resistance (worn)
 y - a +0 plate armour (worn)
 C - the +2 ice dragon scales of Shielding {+Inv rF- rC++ rN++ MR+ Int+3}
   (You took it off a death knight on level 10 of the Dungeon)

   It affects your intelligence (+3).
   It makes you vulnerable to fire.
   It greatly protects you from cold.
   It greatly protects you from negative energy.
   It affects your resistance to hostile enchantments.
   It lets you turn invisible.
 E - a +1 hat (worn)
Jewellery
 a - an amulet of regeneration (around neck)
 k - a ring of poison resistance (left hand)
 p - an uncursed ring of fire
 H - an uncursed ring of protection from fire
 P - an uncursed ring of resist corrosion
 R - an uncursed ring of flight
 S - the ring of Lust (right hand) {rElec MR+ Int+7 Stlth-}
   (You found it on level 4 of the Lair of Beasts)

   [ring of attention]

   It affects your intelligence (+7).
   It insulates you from electricity.
   It affects your resistance to hostile enchantments.
   It makes you less stealthy.
Wands
 g - a wand of random effects (55)
 r - a wand of polymorph (11)
 u - a wand of clouds (1)
 B - a wand of flame (24)
 D - a wand of enslavement (9)
 O - a wand of acid (9)
Scrolls
 d - 5 scrolls of teleportation
 e - 2 scrolls of enchant armour
 h - 3 scrolls of brand weapon
 i - 4 scrolls of immolation
 l - 5 scrolls of fog
 m - 4 scrolls of enchant weapon
 A - 2 scrolls of magic mapping
 G - 6 scrolls of remove curse
 J - 2 scrolls of fear
 K - 3 scrolls of blinking
 M - a scroll of identify
Potions
 b - a potion of magic
 c - 11 potions of curing
 j - 8 potions of mutation
 n - 3 potions of haste
 o - 5 potions of stabbing
 s - 7 potions of heal wounds
 v - 2 potions of might
 w - 3 potions of cancellation
 x - a potion of ambrosia
 z - 4 potions of flight
 L - 2 potions of invisibility


   Skills:
 + Level 12.6 Fighting
 * Level 16.7 Axes
 + Level 12.3 Armour
 + Level 11.4 Dodging


You had 12 spell levels left.
You didn't know any spells.
Your spell library was empty.

Dungeon Overview and Level Annotations

Branches:
Dungeon (11/15)            Temple (0/1) D:4            Lair (5/6) D:11
  Swamp (0/4) Lair:3        Snake (0/4) Lair:4          Orc (0/2) D:11
Ossuary (visited)
  Slime: Lair:5-6

Altars:
Kikubaaqudgha
Makhleb
Qazlal
Ru
Xom
Beogh

Portals:
Trove: D:10 (give 13 potions of heal wounds)


Innate Abilities, Weirdness & Mutations

You reflexively headbutt those who attack you in melee.
You have a pair of horns on your head.


Message History

You hit the worker ant but do no damage.
You slash the soldier ant! You burn the soldier ant. The worker ant bites you.
* * * LOW HITPOINT WARNING * * *
You are poisoned.
The worker ant poisons you! The soldier ant stings you.
* * * LOW HITPOINT WARNING * * *
The soldier ant waves its antennae.
The soldier ant stings you.
* * * LOW HITPOINT WARNING * * *
You slash the soldier ant! You burn the soldier ant.
You kill the soldier ant!
Trog accepts your kill.
You slash the worker ant! You burn the worker ant.
You kill the worker ant!
Trog accepts your kill.
You hit the queen ant but do no damage. You hit the soldier ant.
You burn the soldier ant.
You feel sick. The queen ant stings you!!
* * * LOW HITPOINT WARNING * * *
The soldier ant stings you.
You die...

........................
##...#.#..#.............
#.....#.#..#.#......P...
.>.......†....##........
........#†###.####......
.......≈≈≈≈##.## ##.....
........≈#..#.P# #.#P...
......a.†.$....###.PP...
##.##@†...............
###a##...P...........


aaa ##.............. aaaaa ............... #aa.aa ##.............. #.aaaa
#...........P## ##..aa ..##........# ##..# .. .... . You could see a queen ant,
an entropy weaver, 12 soldier ants and 6 worker ants.

Vanquished Creatures
  Gastronok (Lair:2)
  An entropy weaver (Lair:4)
  Harold (Lair:2)
  2 hydras
  Erica (D:8)
  A death knight (D:10)
  The ghost of melvinkitnick the Frost Mage, a novice DEIE of Sif Muna (D:10)
  A wizard (D:11)
  4 oklob plants
  An ugly thing (D:11)
  2 cyclopes
  A guardian serpent (shapeshifter) (D:11)
  3 black mambas
  5 cane toads
  Psyche (D:8)
  A yaktaur (D:11)
  A rime drake (Lair:1)
  3 komodo dragons
  2 tengu conjurers (D:11)
  2 trolls
  A polar bear (Lair:5)
  A bog body (Lair:3)
  A hornet (D:11)
  Prince Ribbit (D:6)
  5 blink frogs (Lair:3)
  Sigmund (D:2)
  A vampire (D:11)
  24 yaks
  Eustachio (D:4)
  A vampire mosquito (D:11)
  A basilisk (Lair:3)
  A swamp worm (Lair:3)
  4 nagas (Lair:4)
  11 soldier ants
  6 water moccasins
  8 porcupines
  9 orc warriors
  3 sky beasts
  4 ice beasts
  A black bear (D:6)
  A necrophage (D:11)
  An eye of draining (D:8)
  4 ogres
  2 phantoms
  13 wolves
  6 centaurs
  A crocodile (Lair:3)
  3 big kobolds
  14 bullfrogs
  2 scorpions
  9 killer bees
  6 wights
  2 centaur zombies
  2 electric eels (Lair:3)
  4 howler monkeys
  A bullfrog zombie (D:11)
  A quasit (D:9)
  3 centaur skeletons
  6 orc priests
  3 bullfrog skeletons
  5 hounds
  2 iguanas
  3 jellies
  7 orc wizards
  Jessica (D:2)
  2 gnoll shamans
  14 worker ants
  2 hound skeletons
  8 mummies (Ossuary)
  A worker ant zombie (D:11)
  12 gnolls
  12 adders
  A shadow imp (D:9)
  3 white imps
  2 oozes
  2 ufetubi (D:6)
  An adder zombie (D:9)
  An adder skeleton (D:4)
  3 worms
  2 dart slugs
  2 leopard geckos (D:6)
  46 orcs
  2 ball pythons
  13 giant cockroaches
  3 gnoll zombies (Ossuary)
  12 goblins
  9 hobgoblins
  7 jackals
  3 quokkas
  6 bats
  5 frilled lizards
  A hobgoblin zombie (Ossuary)
  18 kobolds
  3 kobold zombies (Ossuary)
  A leopard gecko zombie (D:4)
  An orc zombie (Ossuary)
  6 rats
  3 fungi
  6 plants
435 creatures vanquished.

Vanquished Creatures (others)
  Maurice (D:11)
  A human (D:7)
  An orc wizard (D:3)
  Ijyb (D:3)
  An orc (D:3)
  2 jackals (D:3)
7 creatures vanquished.

Grand Total: 442 creatures vanquished

Notes
Turn   | Place    | Note
-------+----------+-------------------------------------------
     0 | D:1      | DeltaSign the Minotaur Berserker began the quest for the
                  | Orb.
     0 | D:1      | Reached XP level 1. HP: 19/19 MP: 0/0
   247 | D:1      | Reached XP level 2. HP: 27/27 MP: 1/1
   269 | D:1      | Reached skill level 4 in Axes
   884 | D:2      | Reached XP level 3. HP: 33/33 MP: 2/2
   888 | D:2      | Reached ** piety under Trog
  1044 | D:2      | Noticed Jessica
  1290 | D:2      | Found a burning altar of Makhleb.
  1296 | D:2      | Killed Jessica
  1296 | D:2      | Reached XP level 4. HP: 29/40 MP: 3/3
  1297 | D:2      | Reached skill level 5 in Axes
  1430 | D:2      | Reached XP level 5. HP: 47/47 MP: 4/4
  1464 | D:2      | Noticed Sigmund
  1476 | D:2      | Killed Sigmund
  1476 | D:2      | Reached skill level 6 in Axes
  1476 | D:2      | Reached XP level 6. HP: 55/55 MP: 5/5
  1604 | D:2      | Found a shimmering altar of Xom.
  1702 | D:2      | Reached skill level 5 in Fighting
  1842 | D:3      | You fall into a shaft and drop 3 floors!
  1955 | D:6      | Noticed Prince Ribbit
  1971 | D:6      | Killed Prince Ribbit
  1971 | D:6      | Reached skill level 7 in Axes
  1971 | D:6      | Reached XP level 7. HP: 33/61 MP: 6/6
  2328 | D:6      | Reached skill level 5 in Armour
  2467 | D:6      | Reached *** piety under Trog
  2511 | D:5      | Entered Level 5 of the Dungeon
  2526 | D:5      | Reached skill level 8 in Axes
  2575 | D:5      | Reached XP level 8. HP: 70/70 MP: 7/7
  2635 | D:4      | Reached skill level 5 in Dodging
  2675 | D:4      | Noticed Eustachio
  2694 | D:4      | Killed Eustachio
  2771 | D:4      | Found a sacrificial altar of Ru.
  3112 | D:3      | Noticed Ijyb
  3118 | D:3      | Killed Ijyb
  3140 | D:3      | Reached **** piety under Trog
  3412 | D:3      | Found a stormy altar of Qazlal.
  3564 | D:4      | Found a staircase to the Ecumenical Temple.
  4110 | D:5      | Reached skill level 9 in Axes
  5297 | D:7      | Reached XP level 9. HP: 76/79 MP: 8/8
  5338 | D:7      | Reached ***** piety under Trog
  5531 | D:7      | Found an ancient bone altar of Kikubaaqudgha.
  5591 | D:7      | Reached skill level 10 in Axes
  5653 | D:7      | Found a sand-covered staircase.
  5659 | Ossuary  | Entered an ossuary
  6639 | D:8      | Received a gift from Trog
  6802 | D:8      | Reached skill level 11 in Axes
  7342 | D:8      | Noticed Erica
  7664 | D:8      | Killed Erica
  7664 | D:8      | Reached XP level 10. HP: 90/90 MP: 9/9
  7822 | D:8      | Noticed Psyche
  7830 | D:8      | Killed Psyche
  8266 | D:9      | Reached skill level 12 in Axes
  8633 | D:9      | Received a gift from Trog
  8920 | D:10     | Entered Level 10 of the Dungeon
  9031 | D:10     | Found a large runed translucent door.
  9032 | D:10     | Found a large runed translucent door.
  9034 | D:10     | Noticed melvinkitnick's ghost (novice DEIE)
  9275 | D:10     | Noticed a cyclops
  9279 | D:10     | Identified the +2 ice dragon scales of Shielding {+Inv rF-
                  | rC++ rN++ MR+ Int+3}
  9279 | D:10     | Noticed a death knight
  9308 | D:10     | Killed a death knight
  9313 | D:10     | Killed a cyclops
  9451 | D:10     | Found a portal to a secret trove of treasure.
  9604 | D:10     | Killed melvinkitnick's ghost
  9604 | D:10     | Reached skill level 13 in Axes
  9604 | D:10     | Reached XP level 11. HP: 99/99 MP: 10/10
  9726 | D:11     | Reached skill level 10 in Fighting
  9872 | D:11     | Found a staircase to the Lair.
  9873 | D:11     | Noticed an oklob plant
 10025 | D:11     | Noticed a brown ugly thing
 10032 | D:11     | Killed a brown ugly thing
 10334 | D:11     | Noticed a wizard
 10347 | D:11     | Reached skill level 10 in Armour
 10353 | D:11     | Killed a wizard
 10369 | D:11     | Reached skill level 14 in Axes
 10702 | D:11     | Received a gift from Trog
 11174 | D:11     | Noticed Maurice
 11216 | D:11     | Killed Maurice
 11710 | D:11     | Found a roughly hewn altar of Beogh.
 11710 | D:11     | Found a staircase to the Orcish Mines.
 12398 | D:11     | Killed an oklob plant
 12658 | Lair:1   | Entered Level 1 of the Lair of Beasts
 12910 | Lair:1   | Reached XP level 12. HP: 102/109 MP: 11/11
 13296 | Lair:1   | Reached skill level 10 in Dodging
 13950 | Lair:2   | Noticed Harold
 13965 | Lair:2   | Killed Harold
 14021 | Lair:2   | Noticed Gastronok
 14038 | Lair:2   | Reached skill level 15 in Axes
 14046 | Lair:2   | Killed Gastronok
 14047 | Lair:2   | Received a gift from Trog
 14853 | Lair:2   | Noticed a six-headed hydra
 14859 | Lair:2   | Killed a three-headed hydra
 15401 | Lair:3   | You fall into a shaft and drop 2 floors!
 15425 | Lair:5   | Reached skill level 16 in Axes
 15650 | Lair:4   | Found a staircase to the Snake Pit.
 15679 | Lair:4   | Reached XP level 13. HP: 111/117 MP: 12/12
 15952 | Lair:4   | Got a faintly glowing glass ring
 16016 | Lair:4   | Identified the ring of Lust {rElec MR+ Int+7 Stlth-} (You
                  | found it on level 4 of the Lair of Beasts)
 16267 | Lair:3   | Found a staircase to the Swamp.
 16942 | Lair:4   | Noticed an entropy weaver
 16942 | Lair:4   | Noticed an entropy weaver
 16967 | Lair:4   | Killed an entropy weaver
 16969 | Lair:4   | HP: 1/177 [queen ant (20)]
 16969 | Lair:4   | Slain by a soldier ant

Illustrated notes

Levels and vault maps discovered:
D:1:      wheals_arrival_shading, layout_loops_cross
D:2:      minmay_angry_zag, layout_rooms, tgw_xom, makhleb_heckhound_becter,
          uniq_jessica, uniq_sigmund
D:3:      layout_rooms, nicolae_qazlal_eye_of_the_storm, uniq_ijyb
D:4:      layout_loops_ring, minmay_temple_entry_poolview,
          nicolae_ru_awakened_eye, uniq_eustachio
D:5:      layout_basic
D:6:      layout_loops_cross, kennysheep_decorative_pillar, uniq_prince_ribbit1
D:7:      layout_gridville, enter_ossuary_2, tgw_kikubaaqudgha
D:8:      layout_gridville, uniq_erica, uniq_psyche
D:9:      kennysheep_six_static_rooms, layout_rooms
D:10:     layout_rooms, enter_trove_6, ebering_ghost_disaster_area,
          minmay_checkerbox
D:11:     layout_roguey, dpeg_oklobed_lair, david_orc_5, gauntlet_entry_generic,
          minivault_5, st_stairs_1, minivault_28, uniq_maurice
Lair:1:   layout_gridlike, cheibrodos_lair_caveside_slide, st_stairs_7,
          minmay_lair_oklob_chamber
Lair:2:   layout_roguey, uniq_gastronok, uniq_harold
Lair:3:   layout_roguey, nicolae_swamp_entry_splash_gauntlet,
          infiniplex_staircase_pool
Lair:4:   layout_gridlike, minmay_snake_entry_guardpost_small, minivault_29,
          lemuel_fruit_fields
Lair:5:   layout_roguey

Skill      XL: |  1  2  3  4  5  6  7  8  9 10 11 12 13 |
---------------+----------------------------------------+-----
Axes           | 4 5 6 7 8 9 11 13 14 16 | 16.7
Fighting       | 4 5 6 7 8 9 11 12 | 12.6
Armour         | 3 4 5 6 8 9 10 11 12 | 12.3
Dodging        | 3 4 6 7 8 9 11 | 11.4

Action                   |  1- 3 |  4- 6 |  7- 9 | 10-12 | 13-15 || total
-------------------------+-------+-------+-------+-------+-------++-------
Melee: Hand axe          |    70 |    61 |   199 |       |       ||   330
       Headbutt          |    10 |    13 |    91 |   108 |    21 ||   243
       War axe           |       |       |   122 |       |       ||   122
       Battleaxe         |       |       |    87 |   486 |   102 ||   675
Invok: Berserk           |     1 |     2 |     6 |     6 |     2 ||    17
  Use: Scroll            |       |       |    13 |     7 |     8 ||    28
Armor: Leather armour    |     7 |       |       |       |       ||     7
       Animal skin       |     2 |       |       |       |       ||     2
       Chain mail        |    18 |    34 |   149 |       |       ||   201
       Plate armour      |       |       |    66 |   296 |    23 ||   385
Dodge: Dodged            |    66 |    31 |   185 |   276 |    37 ||   595

Table legend: (Time is in decaauts)
 A = Elapsed time spent in this place.
 B = Non-inter-level travel time spent in this place.
 C = Inter-level travel time spent in this place.
 D = Time resting spent in this place.
 E = Time spent auto-exploring this place.
 F = Levels seen in this place.
 G = Mean time per level.
                   A        B        C        D        E       F      G
               +--------+--------+--------+--------+--------+-----+--------+
         Total |  17111 |  16461 |    650 |   3044 |  10738 |  17 | 1006.5 |
       Dungeon |  12308 |  11846 |    462 |   2161 |   7730 |  11 | 1118.9 |
          Lair |   4332 |   4144 |    188 |    686 |   2816 |   5 |  866.4 |
       Ossuary |    470 |    470 |      0 |    196 |    192 |   1 |  470.0 |
               +--------+--------+--------+--------+--------+-----+--------+

Top non-repeatable levels by time:
    D:11: 2960 daAuts
     D:8: 1566 daAuts
  Lair:1: 1428 daAuts
  Lair:2: 1192 daAuts
     D:1: 1124 daAuts
     D:5: 1003 daAuts
     D:6: 999 daAuts
     D:4: 993 daAuts
  Lair:3: 977 daAuts
     D:9: 842 daAuts
    D:10: 814 daAuts
     D:7: 787 daAuts
     D:2: 747 daAuts
  Lair:4: 515 daAuts
 Ossuary: 470 daAuts
